 Dungeon Crawl Stone Soup version 0.13-b1-9-g87fe349 (webtiles) character file.

13624 Chiseanne the Hoplite (level 11, -10/89 HPs)
             Began as a Minotaur Monk on Sept 29, 2013.
             Was a High Priest of Okawaru.
             Killed from afar by a tengu reaver (30 damage)
             ... with a bolt of poison
             ... on Level 11 of the Dungeon.
             The game lasted 01:18:54 (16669 turns).

Chiseanne the Hoplite (Minotaur Monk)              Turns: 16669, Time: 01:18:54

HP -10/89        AC 13     Str 18      XL: 11   Next: 59%
MP  10/10        EV 13     Int  7      God: Okawaru [*****.]
Gold 1433        SH 40     Dex 14      Spells:  0 memorised, 10 levels left

Res.Fire  : + . .   See Invis. : .   N - +2,+5 orc long sword (elec)
Res.Cold  : . . .   Warding    : .   M - +2 orc ring mail {rF+}
Life Prot.: + . .   Conserve   : .   c - +3 large shield
Res.Poison: .       Res.Corr.  : .   (helmet restricted)
Res.Elec. : .       Clarity    : .   (no cloak)
Sust.Abil.: . .     Spirit.Shd : .   D - +1 pair of dwarf gloves
Res.Mut.  : .       Stasis     : +   H - +1 pair of boots
Res.Rott. : .       Flight     : .   y - amulet of stasis
Saprovore : . . .                    t - ring of positive energy
                                     v - ring of protection from magic

@: mildly poisoned, quite resistant to hostile enchantments, very unstealthy
A: retaliatory headbutt, horns 2
a: Heroism, Finesse, Renounce Religion


You were on level 11 of the Dungeon.
You worshipped Okawaru.
Okawaru was extremely pleased with you.
You were very hungry.

You visited 3 branches of the dungeon, and saw 16 of its levels.
You also visited: Sewer.

You collected 1586 gold pieces.
You spent 153 gold pieces at shops.

Inventory:

Hand weapons
 a - a +0,+2 orcish mace of draining
 d - a +6,+2 lajatang of speed {god gift}
 g - a +0,+2 orcish dagger of draining (quivered)
 l - a +3,+2 quarterstaff of crushing
 s - a +0,+2 orcish flail of protection
 u - a +0 blowgun
 w - the +4,-2 double sword "Nafriph" {god gift, slice, +Fly}
   (Okawaru gifted it to you on level 1 of the Orcish Mines)

   It inflicts extra damage upon your enemies.
   It lets you fly.
 N - a +2,+5 orcish long sword of electrocution (weapon)
Missiles
 e - 4 needles of paralysis
 i - 8 needles of confusion
 x - 7 needles of slowing
 C - 4 javelins
Armour
 c - a +3 large shield (worn)
 f - a cursed -1 orcish leather armour
 p - a +1 orcish leather armour of magic resistance
 D - a +1 pair of dwarven gloves (worn)
 H - a +1 pair of boots (worn)
 I - a +0 troll hide
 K - a +0 orcish leather armour of cold resistance
 M - a +2 orcish ring mail of fire resistance (worn)
Magical devices
 j - a wand of fire (2)
 m - a wand of paralysis (6)
 A - a wand of invisibility (0)
 G - a wand of digging (3)
Comestibles
 b - 8 bread rations
 h - 16 bananas
 o - 5 meat rations
Scrolls
 n - a scroll of amnesia
 q - a scroll of fog
 r - 4 scrolls of teleportation
 E - 4 scrolls of remove curse
Jewellery
 t - a ring of positive energy (right hand)
 v - a ring of protection from magic (left hand)
 y - an amulet of stasis (around neck)
Potions
 B - a potion of curing


   Skills:
 * Level 7.9 Fighting
 * Level 4.2 Long Blades
 - Level 6.6 Maces & Flails
 * Level 7.9 Armour
 * Level 10.6 Dodging
 - Level 1.5 Stealth
 * Level 12.6 Shields
 - Level 4.3 Unarmed Combat
 * Level 4.0 Invocations


You had 10 spell levels left.
You didn't know any spells.

Dungeon Overview and Level Annotations

Branches:
Dungeon (11/27)            Temple (1/1) D:4             Orc (4/4) D:9
    Elf (0/3) Orc:3          Lair (0/8) D:11

Altars:
Ashenzari
Cheibriados
Elyvilon
Fedhas
Kikubaaqudgha
Makhleb
Nemelex Xobeh
Okawaru
Sif Muna
Trog
Vehumet
Xom
Yredelemnul
Zin
the Shining One

Shops:
D:6 /   D:9 *   Orc:2 +   Orc:4 *(

Annotations:
D:8 exclusions: 3 electric eels and 1 more exclusion
Orc:4 Maurice


Innate Abilities, Weirdness & Mutations

You reflexively headbutt those who attack you in melee.
You have a pair of horns on your head.


Message History

Drink which item? (? for menu, Esc to quit)
You feel better.
You are engulfed in poison gas.
You are poisoned.
* * * LOW HITPOINT WARNING * * *
You are engulfed in poison gas.
You are more poisoned.
The tengu reaver is engulfed in poison gas.
The tengu reaver is poisoned.
The tengu reaver casts a spell at you. The blast of poison misses you.
Found 27 gold pieces.
* * * LOW HITPOINT WARNING * * *
You feel sick.
The tengu reaver is engulfed in poison gas.
The tengu reaver looks even sicker.
Found 21 gold pieces.
The tengu reaver gestures at you while chanting.
The bolt of poison hits you!
You are more poisoned.
You die...

.#.##....#.....##.#......>.......
...##............#.#.............
#..#...........###..............#
##.#####################.......##
...# ..'.[...*...+....#.......#
#..# #.........#....#.......##
...# #..§......#....#.........
...# #...H..........).........
...# #.......@.#....#....####.
...# #......§§.#....#...## ##
...# #....§§§§§#....#..## ...#
#.....§§§.#....#...# ...#
#......§..#....#...## ...#
#####'########+#....# ...# $$%
##...## ...#


$$$$ ###..## ..## $$$$ ##..## You could see a tengu reaver.

Vanquished Creatures
  The ghost of Goboxel the Archer, an experienced HEHu of Okawaru (D:9)
  A flayed ghost (D:11)
  An orc knight (Orc:2)
  2 orc sorcerers
  A cyclops (Orc:3)
  Joseph (D:9)
  2 hill giants
  2 trolls
  5 yaks (D:11)
  A hippogriff (D:10)
  A hungry ghost (D:11)
  A hill giant skeleton (D:9)
  A vampire mosquito (D:11)
  The ghost of Chiseanne the Ruffian, an average TrMo (D:4)
  An ice beast (D:11)
  3 black bears
  A phantom (D:8)
  8 ogres
  2 crocodiles (D:11)
  A sky beast (D:9)
  2 water moccasins
  4 centaurs
  A giant goldfish (D:8)
  8 giant frogs
  A giant slug (Sewer)
  2 manticores
  A deep dwarf (D:8)
  17 orc warriors
  A troll skeleton (D:9)
  5 wights (D:7)
  A hippogriff skeleton (D:10)
  5 crimson imps
  A goliath beetle (D:11)
  2 centaur zombies
  Sigmund (D:4)
  A gnoll shaman (D:7)
  A jelly (D:10)
  Duvessa (D:7)
  A quasit (D:8)
  A big fish (D:8)
  Eustachio (D:4)
  A two-headed ogre skeleton (D:8)
  A gnoll sergeant (D:6)
  18 orc wizards
  A killer bee zombie (D:11)
  7 iguanas
  A big kobold skeleton (D:8)
  Ijyb (D:4)
  16 orc priests
  5 hounds
  8 adders
  Dowan (D:7)
  9 gnolls
  A giant centipede (D:11)
  4 scorpions
  13 worker ants
  2 green rats (D:4)
  A giant mite (D:6)
  4 worms
  An iguana skeleton (D:9)
  A giant eyeball (D:9)
  9 giant geckos
  3 oozes
  134 orcs
  2 ball pythons
  23 hobgoblins
  13 jackals
  17 kobolds
  7 quokkas
  16 bats
  6 giant cockroaches
  A giant gecko zombie (D:6)
  9 giant newts
  20 goblins
  A hobgoblin skeleton (D:4)
  16 rats
468 creatures vanquished.

Vanquished Creatures (collateral kills)
  A hound (D:9)
1 creature vanquished.

Vanquished Creatures (others)
  A bat (D:8)
1 creature vanquished.

Grand Total: 470 creatures vanquished

Notes
Turn   | Place    | Note
--------------------------------------------------------------
     0 | D:1      | Chiseanne, the Minotaur Monk, began the quest for the Orb.
     0 | D:1      | Reached XP level 1. HP: 17/17 MP: 0/0
   275 | D:1      | Reached XP level 2. HP: 19/24 MP: 0/0
   308 | D:1      | Reached skill level 1 in Armour
   588 | D:1      | Reached skill level 1 in Shields
   616 | D:1      | Reached XP level 3. HP: 28/30 MP: 1/1
  1553 | D:2      | Reached XP level 4. HP: 18/37 MP: 1/1
  1892 | D:3      | Found a snail-covered altar of Cheibriados.
  2123 | D:3      | Noticed a giant frog
  2126 | D:3      | Killed a giant frog
  2126 | D:3      | Reached XP level 5. HP: 44/44 MP: 1/1
  2195 | D:3      | Found a basalt altar of Yredelemnul.
  2585 | D:4      | Reached skill level 5 in Dodging
  2590 | D:4      | Reached skill level 1 in Maces & Flails
  2729 | D:4      | Noticed Eustachio
  2769 | D:4      | Killed Eustachio
  3454 | D:4      | Found a staircase to the Ecumenical Temple.
  3464 | Temple   | Entered the Ecumenical Temple
  3702 | Temple   | Became a worshipper of Warmaster Okawaru
  3702 | Temple   | Acquired Okawaru's first power
  3765 | D:4      | Reached XP level 6. HP: 49/51 MP: 2/2
  3820 | D:4      | Noticed Ijyb
  3822 | D:4      | Found a glowing drain.
  3830 | D:4      | Killed Ijyb
  3867 | Sewer    | Entered a sewer
  4110 | D:4      | Noticed Sigmund
  4122 | D:4      | Killed Sigmund
  4143 | D:4      | Noticed an ogre
  4146 | D:4      | Killed an ogre
  4268 | D:4      | Noticed Chiseanne's ghost (average TrMo)
  4285 | D:4      | Killed Chiseanne's ghost
  4285 | D:4      | Reached XP level 7. HP: 35/58 MP: 1/2
  4589 | D:4      | Reached skill level 5 in Shields
  4734 | D:5      | Entered Level 5 of the Dungeon
  4793 | D:5      | Reached skill level 5 in Fighting
  5072 | D:5      | Reached skill level 6 in Dodging
  5369 | D:5      | Found a burning altar of Makhleb.
  5538 | D:5      | Found a shimmering altar of Xom.
  5873 | D:6      | Reached XP level 8. HP: 28/66 MP: 0/2
  6728 | D:6      | Found Frouc's Magical Wand Boutique.
  7206 | D:7      | Reached skill level 5 in Armour
  7442 | D:7      | Reached skill level 7 in Dodging
  7676 | D:7      | Noticed Duvessa
  7691 | D:7      | Killed Duvessa
  7692 | D:7      | Noticed Dowan
  7714 | D:7      | Killed Dowan
  8256 | D:7      | Reached skill level 5 in Maces & Flails
  8257 | D:7      | Reached XP level 9. HP: 66/72 MP: 3/3
  9123 | D:8      | Reached skill level 8 in Shields
  9304 | D:8      | Found a glowing golden altar of the Shining One.
  9883 | D:9      | Noticed Goboxel's ghost (experienced HEHu)
  9910 | D:9      | Killed Goboxel's ghost
  9910 | D:9      | Reached skill level 9 in Shields
 10098 | D:9      | Noticed Joseph
 10120 | D:9      | Killed Joseph
 10338 | D:9      | Acquired Okawaru's second power
 10395 | D:9      | Found a staircase to the Orcish Mines.
 10756 | D:9      | Reached XP level 10. HP: 81/81 MP: 3/4
 10802 | D:9      | Found Iguirom's Assorted Antiques.
 10806 | D:9      | Bought a slimy brown potion for 21 gold pieces
 10806 | D:9      | Bought a pair of boots for 36 gold pieces
 10806 | D:9      | Bought a scroll of identify for 48 gold pieces
 10806 | D:9      | Bought a scroll of identify for 48 gold pieces
 10857 | D:10     | Entered Level 10 of the Dungeon
 10877 | D:10     | Reached skill level 1 in Invocations
 11079 | D:10     | Reached skill level 10 in Shields
 11474 | D:10     | Noticed a hill giant
 11487 | D:10     | Killed a hill giant
 12166 | Orc:1    | Entered Level 1 of the Orcish Mines
 12376 | Orc:2    | Found Weusa's Book Boutique.
 12624 | Orc:1    | Received a gift from Okawaru
 12625 | Orc:1    | Got a faintly glowing double sword {god gift}
 12637 | Orc:1    | Identified the double sword "Nafriph" {god gift, slice, +Fly} (Okawaru gifted it to you on level 1 of the Orcish Mines)
 12841 | Orc:2    | Reached skill level 11 in Shields
 12984 | Orc:3    | Reached skill level 1 in Long Blades
 13334 | Orc:4    | Entered Level 4 of the Orcish Mines
 13334 | Orc:4    | Found Hyfyups' General Store.
 13334 | Orc:4    | Noticed an orc high priest
 13334 | Orc:4    | Noticed an orc knight
 13334 | Orc:4    | Noticed Maurice
 13336 | Orc:4    | Noticed an orc knight
 13336 | Orc:4    | Noticed an orc warlord
 13337 | Orc:4    | Found Meroewan's Antique Weapon Boutique.
 13337 | Orc:4    | Noticed an orc sorcerer
 13337 | Orc:4    | Noticed an iron troll
 13817 | Orc:3    | Found a staircase to the Elven Halls.
 14265 | Orc:4    | Noticed an orc sorcerer
 14271 | Orc:4    | Killed an orc sorcerer
 14278 | Orc:4    | Reached XP level 11. HP: 72/89 MP: 6/8
 14315 | Orc:4    | Noticed an orc high priest
 14317 | Orc:4    | Noticed an ice devil
 14318 | Orc:4    | Noticed a sun demon
 14488 | Orc:4    | Noticed a cyclops
 14490 | Orc:4    | Noticed an orc knight
 14496 | Orc:3    | Killed a cyclops
 14496 | Orc:3    | Reached skill level 10 in Dodging
 14503 | Orc:3    | Noticed an orc sorcerer
 14860 | Orc:2    | Killed an orc knight
 15151 | Orc:3    | Killed an orc sorcerer
 15569 | D:11     | Reached skill level 12 in Shields
 15861 | D:11     | Found a blossoming altar of Fedhas.
 16478 | D:11     | Found a staircase to the Lair.
 16526 | D:11     | Noticed a hill giant
 16537 | D:11     | Killed a hill giant
 16537 | D:11     | Received a gift from Okawaru
 16654 | D:11     | Noticed a flayed ghost
 16662 | D:11     | Noticed a tengu reaver
 16665 | D:11     | Killed a flayed ghost
 16669 | D:11     | Killed from afar by a tengu reaver

Action                   |  1- 3 |  4- 6 |  7- 9 | 10-12 || total
-------------------------+-------+-------+-------+-------++-------
Melee: Dagger            |    65 |       |       |       ||    65
       Club              |    38 |       |       |       ||    38
       Whip              |    61 |     6 |       |       ||    67
       Short sword       |     6 |       |       |       ||     6
       Sabre             |       |    36 |       |       ||    36
       Mace              |       |   155 |   405 |    70 ||   630
       Flail             |       |       |   152 |    21 ||   173
       Long sword        |       |       |       |   424 ||   424
Throw: Dart              |     2 |       |     4 |       ||     6
       Javelin           |       |       |     6 |     9 ||    15
       Spear             |       |       |     2 |       ||     2
Invok: Heroism           |       |     2 |     7 |    16 ||    25
Evoke: Wand              |       |       |    13 |    13 ||    26
  Use: Potion            |     2 |     8 |     6 |     7 ||    23
       Scroll            |       |     6 |    21 |    11 ||    38
 Stab: Sleeping          |     2 |       |       |       ||     2
       Paralysed         |       |       |     3 |       ||     3
       Invisible         |       |       |     5 |       ||     5
